 Dungeon Crawl Stone Soup version 0.22-a0-617-g6d95e9e (webtiles) character file.

2009 inmateoo the Skirmisher (level 9, 0/47 HPs)
             Began as a Vine Stalker Hunter on July 13, 2018.
             Was an Initiate of Gozag.
             Shot with an arrow by a centaur (10 damage)
             ... on level 6 of the Dungeon.
             The game lasted 00:08:11 (4755 turns).

inmateoo the Skirmisher (Vine Stalker Hunter)       Turns: 4755, Time: 00:08:12

Health: 0/47       AC:  9    Str: 18    XL:     9   Next: 22%
Magic:  0/10       EV: 10    Int: 11    God:    Gozag
Gold:   827        SH:  9    Dex: 15    Spells: 8/8 levels left

rFire    . . .     SeeInvis .   i - +0 trident (venom)
rCold    . . .     Gourm    .   a - +0 shield
rNeg     . . .     Faith    .   s - +0 scale mail
rPois    .         Spirit   +   (no helmet)
rElec    .         Reflect  .   k - +1 cloak
rCorr    .         Harm     .   (no gloves)
MR       +....                  (no boots)
Stlth    ..........             (no amulet)
HPRegen  0.55/turn              (no ring)
MPRegen  0.12/turn              (no ring)

@: no status effects
A: fangs 3, regeneration 1, magic shield, antimagic bite, no potion heal 3, rot
immunity
a: Potion Petition, Call Merchant, Bribe Branch, Renounce Religion


You were on level 6 of the Dungeon.
You worshipped Gozag.
Gozag was pleased with you.
You were not hungry.

You visited 1 branch of the dungeon, and saw 6 of its levels.
You also visited: Ossuary.

You collected 861 gold pieces.
You paid 34 gold pieces to Gozag.

Inventory:

Hand Weapons
 i - a +0 trident of venom (weapon)
Missiles
 c - 6 javelins (quivered)
Armour
 a - a +0 shield (worn)
 k - a +1 cloak (worn)
 s - a +0 scale mail (worn)
Jewellery
 b - the ring "Ilommob" {-Tele +Fly rN+ Int+4 Dex-3}
   (You found it on level 6 of the Dungeon)

   [ring of flight]

   It affects your intelligence (+4).
   It affects your dexterity (-3).
   It protects you from negative energy.
   It lets you fly.
   It prevents most forms of teleportation.
Wands
 g - a wand of random effects (15)
 p - a wand of polymorph (9)
Scrolls
 d - 4 scrolls of remove curse
 e - 2 scrolls of fog
 q - 4 scrolls of teleportation
 t - a scroll of fear
Potions
 h - 2 potions of resistance
 j - 2 potions of haste
 l - 4 potions of heal wounds
 m - 2 potions of curing
 n - a potion of ambrosia
 o - 2 potions of mutation
 u - 2 potions of cancellation {unknown}
 v - 2 potions of invisibility
 w - a potion of magic {unknown}
Comestibles
 f - 10 rations


   Skills:
 + Level 5.2 Fighting
 * Level 5.0 Polearms
 - Level 3.6 Throwing
 + Level 4.3 Armour
 + Level 4.7 Dodging
 - Level 1.2 Stealth
 + Level 3.4 Shields


You had 8 spell levels left.
You didn't know any spells.
Your spell library contained the following spells:

 Spells                   Type           Power        Failure   Level  Hunger
 Magic Dart               Conj           #...         99%         1    ##.....
 Conjure Flame            Conj/Fire      #.......     100%        3    ####...
 Slow                     Hex            #.......     100%        2    ###....
 Mephitic Cloud           Conj/Pois/Air  #.......     100%        3    ####...
 Blink                    Tloc           N/A          100%        2    ###....
 Call Imp                 Summ           #.......     100%        2    ###....


Dungeon Overview and Level Annotations

Branches:
Dungeon (6/15)
 Temple: D:4-7

Altars:
Gozag
Ru
Yredelemnul
Zin

Shops:
D:6 =


Innate Abilities, Weirdness & Mutations

You have razor-sharp teeth.
Your natural rate of healing is unusually fast.
When hurt, damage is shared between your health and your magic reserves.
Your bite disrupts and absorbs the magic of your enemies.
Potions cannot restore your health.
You are immune to rotting.


Message History

You closely miss the orc warrior.
You bite the orc warrior, but do no damage.
You block the orc's attack.
The centaur unwields an uncursed shortbow.
The centaur closely misses you.
The orc warrior hits you with a long sword!!
Unknown command.
You hit the orc warrior.
The orc warrior is poisoned.
The orc warrior is lightly wounded.
The centaur barely misses you. The orc barely misses you.
The orc warrior hits you with a long sword!
* * * LOW HITPOINT WARNING * * *
You are too injured to fight recklessly!
Unknown command.
You are too injured to fight recklessly!
Unknown command.
The centaur wields an uncursed shortbow.
The centaur shoots an arrow.
The arrow hits you!
You die...
Your body crumbles into a pile of gold.

*,****,* ********* *,,,,,,*
*,,,,,,,* *,****,****,*****,*
,,,,,,,,,,,,,,,,*,*
*,****,****,*,*,*,* *,*,,*,*
*,,,,,*,*
*,*,,*,*#########+######
*,*,,*,*........$(.....#
*,*,,*,*.##...o.@......#
*,*,,*,*......o........#
*,*,,*,*....$.c........##########
,,,,,,,,.........................
,,*,****.......####...........##*
,,*,* *.....##* #...........#
,,*,* *.....* #...........# ,**,*
*....,* #...........# ,**,*
*....,* #...........###


You could see an orc warrior, a centaur and an orc.

Vanquished Creatures
  Eustachio (D:4)
  Duvessa (D:4)
  4 ice beasts
  3 sky beasts
  3 ogres (D:6)
  A centaur (D:3)
  Dowan (D:4)
  A scorpion (D:4)
  A crimson imp (D:5)
  A human zombie (Ossuary)
  A centaur zombie (Ossuary)
  2 hounds
  An orc wizard (D:3)
  An orc priest (D:3)
  A centaur skeleton (D:6)
  An iguana (D:4)
  2 worker ants
  2 big kobold zombies (Ossuary)
  A hound zombie (Ossuary)
  3 mummies (Ossuary)
  4 gnolls (D:4)
  A howler monkey skeleton (D:4)
  5 adders
  A shadow imp (D:5)
  2 oozes
  5 adder zombies
  2 adder skeletons (D:4)
  4 worms
  2 dart slugs (D:2)
  4 leopard geckos
  12 orcs
  3 ball pythons
  5 bats
  8 giant cockroaches
  2 gnoll zombies (Ossuary)
  9 goblins
  6 hobgoblins
  6 jackals
  8 kobolds
  A quokka (D:4)
  7 frilled lizards
  3 goblin zombies (Ossuary)
  2 hobgoblin zombies (Ossuary)
  3 jackal zombies (Ossuary)
  3 kobold zombies (Ossuary)
  2 leopard gecko skeletons (D:4)
  4 orc zombies (Ossuary)
  3 quokka zombies (Ossuary)
  6 rats
  5 rat zombies (Ossuary)
160 creatures vanquished.

Notes
Turn   | Place    | Note
-------+----------+-------------------------------------------
     0 | D:1      | inmateoo the Vine Stalker Hunter began the quest for the Orb.
     0 | D:1      | Reached XP level 1. HP: 11/11 MP: 2/2
   263 | D:1      | Reached XP level 2. HP: 15/15 MP: 3/3
   683 | D:1      | Reached skill level 1 in Armour
   706 | D:1      | Reached XP level 3. HP: 16/18 MP: 4/4
  1333 | D:2      | Gained mutation: Your natural rate of healing is unusually fast. [Vine Stalker growth]
  1333 | D:2      | Reached XP level 4. HP: 23/23 MP: 3/5
  1737 | D:3      | Noticed an ice beast
  1820 | D:3      | Reached XP level 5. HP: 24/28 MP: 4/6
  1830 | D:3      | Noticed a centaur
  1849 | D:3      | Killed a centaur
  1849 | D:3      | Reached XP level 6. HP: 6/32 MP: 7/7
  2079 | D:3      | Found an opulent altar of Gozag.
  2082 | D:3      | Found a sacrificial altar of Ru.
  2088 | D:3      | Became a worshipper of Gozag Ym Sagoz the Greedy
  2094 | D:3      | Found a basalt altar of Yredelemnul.
  2125 | D:3      | Killed an ice beast
  2645 | D:4      | Noticed Sigmund
  2662 | D:5      | Entered Level 5 of the Dungeon
  2735 | D:5      | Noticed a sky beast
  2802 | D:4      | Reached skill level 1 in Polearms
  2802 | D:4      | Reached XP level 7. HP: 34/37 MP: 6/8
  2824 | D:4      | Noticed Sigmund
  2824 | D:4      | Sigmund changed into Sigmund the ice beast
  2901 | D:3      | Killed Sigmund the ice beast
  2956 | D:4      | Reached skill level 1 in Shields
  3317 | D:4      | Noticed Eustachio
  3323 | D:4      | Killed Eustachio
  3323 | D:4      | Gained mutation: You have razor-sharp teeth. [Vine Stalker growth]
  3323 | D:4      | Reached XP level 8. HP: 40/42 MP: 9/9
  3378 | D:4      | Noticed Duvessa
  3379 | D:4      | Noticed Dowan
  3387 | D:4      | Killed Duvessa
  3393 | D:4      | Killed Dowan
  3702 | D:5      | Found a glowing silver altar of Zin.
  4160 | D:6      | Reached skill level 5 in Fighting
  4207 | D:6      | Found Coniu's Jewellery Shop.
  4213 | D:6      | Reached XP level 9. HP: 42/47 MP: 8/10
  4238 | D:6      | Got a scorched silver ring
  4343 | D:6      | Found a sand-covered staircase.
  4347 | Ossuary  | Entered an ossuary
  4665 | Ossuary  | Identified the ring "Ilommob" {-Tele +Fly rN+ Int+4 Dex-3} (You found it on level 6 of the Dungeon)
  4717 | D:6      | Reached skill level 5 in Polearms
  4755 | D:6      | Shot with an arrow by a centaur

Vault maps used:
D:1:      sevenhm_arrival_forest_fort_small_6
D:2:      serial_bayou_lake_a
D:3:      grunt_temple_overflow_diamond
D:4:      serial_park_tiny_pond, uniq_sigmund, uniq_eustachio, uniq_duvessa
D:5:      nicolae_overflow_hidden_temple, first_ration
D:6:      enter_ossuary_5, serial_shops, kennysheep_little_box
Ossuary:  minmay_ossuary_two_tombs

Skill      XL: |  1  2  3  4  5  6  7  8  9 |
---------------+----------------------------+-----
Fighting       | 2 3 4 5 |  5.2
Dodging        | 2 3 4 |  4.7
Armour         | 1 2 3 4 |  4.3
Polearms       | 1 2 4 5 |  5.0
Shields        | 1 3 |  3.4
Throwing       | |  3.6
Stealth        | |  1.2

Action                   |  1- 3 |  4- 6 |  7- 9 || total
-------------------------+-------+-------+-------++-------
Melee: Short sword       |    99 |   165 |       ||   264
       Bite              |    31 |    48 |   115 ||   194
       Trident           |       |    25 |   317 ||   342
Throw: Throwing net      |       |     2 |       ||     2
Evoke: Wand              |       |       |     2 ||     2
  Use: Scroll            |     8 |     6 |     5 ||    19
       Potion            |       |     1 |       ||     1
 Stab: Sleeping          |     2 |     2 |       ||     4
  Eat: Chunk             |     1 |     4 |       ||     5
       Ration            |       |       |     3 ||     3
Armor: Leather armour    |    15 |    35 |       ||    50
       Ring mail         |       |    22 |    20 ||    42
       Scale mail        |       |       |    57 ||    57
Dodge: Dodged            |    53 |   119 |    78 ||   250
Block: Shield            |       |    11 |    94 ||   105

Table legend:
 A = Spawn XP
 B = Non-spawn XP
 C = Spawn XP percentage of total XP
 D = Spawn monster count
 E = Non-spawn monster count
 F = Spawn count percentage of total count
 G = Total turns spent on level
                    A         B        C        D         E        F      G
               +---------+---------+-------+---------+---------+-------+---------
         Total |       0 |    2870 |   0.0 |       0 |     160 |   0.0 |  4755
               +---------+---------+-------+---------+---------+-------+---------
           D:1 |       0 |      47 |   0.0 |       0 |      24 |   0.0 |   956
           D:2 |       0 |      70 |   0.0 |       0 |      23 |   0.0 |   781
           D:3 |       0 |     537 |   0.0 |       0 |      29 |   0.0 |   879
           D:4 |       0 |     833 |   0.0 |       0 |      23 |   0.0 |   857
           D:5 |       0 |     589 |   0.0 |       0 |      16 |   0.0 |   663
           D:6 |       0 |     529 |   0.0 |       0 |       8 |   0.0 |   271
       Ossuary |       0 |     265 |   0.0 |       0 |      37 |   0.0 |   348
               +---------+---------+-------+---------+---------+-------+---------
